 Dungeon Crawl Stone Soup version 0.19-a0-1903-gead39cf (webtiles) character file.

219 Kingduke777 the Firebug (level 5, -2/28 HPs)
             Began as a Deep Elf Fire Elementalist on Oct 21, 2016.
             Was an Initiate of Sif Muna.
             Slain by a gnoll
             ... wielding a +0 halberd
              (3 damage)
             ... on level 4 of the Dungeon.
             The game lasted 00:13:32 (4013 turns).

Kingduke777 the Firebug (DEFE)                      Turns: 4013, Time: 00:13:33

Health: -2/28      AC:  2    Str:  5    XL:     5   Next: 64%
Magic:  1/12       EV: 13    Int: 21    God:    Sif Muna [......]
Gold:   138        SH:  0    Dex: 15    Spells: 3 memorised, 3 levels left

rFire  . . .     SeeInvis .     (no weapon)
rCold  . . .     Gourm    .     i - +0 robe
rNeg   . . .     Faith    .     (no shield)
rPois  .         Spirit   .     (no helmet)
rElec  .         Reflect  .     (no cloak)
rCorr  .         Harm     .     (no gloves)
MR     .....                    (no boots)
Stlth  ++........               (no amulet)
                                (no ring)
                                (no ring)

@: no status effects
A: no striking features
a: Renounce Religion


You were on level 4 of the Dungeon.
You worshipped Sif Muna.
Sif Muna was noncommittal.
You were not hungry.

You visited 2 branches of the dungeon, and saw 5 of its levels.

You collected 138 gold pieces.

Inventory:

Hand Weapons
 a - a +3 quarterstaff
 b - a +0 blowgun
Missiles
 d - a throwing net (quivered)
 s - 33 poisoned needles
Armour
 i - a +0 robe (worn)
Jewellery
 k - an uncursed ring of stealth {unknown}
 u - an uncursed ring of protection from cold {unknown}
Scrolls
 j - a scroll of identify
Potions
 e - a potion of lignification {unknown}
 f - a potion of cancellation
 p - a potion of agility
 v - a potion of flight
Books
 q - a book of Flames

   Spells                             Type                      Level
   a - Flame Tongue                   Conjuration/Fire             1
   b - Throw Flame                    Conjuration/Fire             2
   c - Conjure Flame                  Conjuration/Fire             3
   d - Inner Flame                    Hexes/Fire                   3
   e - Sticky Flame                   Conjuration/Fire             4
   f - Fireball                       Conjuration/Fire             5
Comestibles
 c - 2 bread rations
 g - a beef jerky
 h - 2 meat rations
 o - 5 fruits
 w - 4 chunks of flesh


   Skills:
 - Level 2.4 Dodging
 - Level 2.4 Stealth
 + Level 3.5 Spellcasting
 * Level 4.7 Conjurations
 + Level 4.9 Fire Magic


You had 3 spell levels left.
You knew the following spells:

 Your Spells              Type           Power        Failure   Level  Hunger
a - Flame Tongue          Conj/Fire      ###..        1%          1    None
b - Conjure Flame         Conj/Fire      ###.....     6%          3    ###....
c - Sticky Flame          Conj/Fire      ###.....     21%         4    ####...


Dungeon Overview and Level Annotations

Branches:
Dungeon (4/15)             Temple (1/1) D:4

Altars:
Ashenzari
Cheibriados
Dithmenos
Elyvilon
Fedhas
Gozag
Hepliaklqana
Kikubaaqudgha
Okawaru
Qazlal
Ru
Sif Muna
Trog
Xom
Yredelemnul
Zin
The Shining One

Annotations:
D:4 1 exclusion


Message History

Aiming: Flame Tongue
Press: ? - help, Shift-Dir - straight line, f - gnoll
Aim: a gnoll, wielding a halberd (black smoke, inner flame)
The flame tongue misses the gnoll.
The gnoll closely misses you.
Casting: Flame Tongue
Confirm with . or Enter, or press ? or * to list all spells.
Aiming: Flame Tongue
Press: ? - help, Shift-Dir - straight line, f/p - gnoll
Aim: a gnoll, wielding a halberd (black smoke, inner flame)
The flame tongue hits the gnoll.
The gnoll is heavily wounded.
The gnoll barely misses you.
Casting: Flame Tongue
Confirm with . or Enter, or press ? or * to list all spells.
Aiming: Flame Tongue
Press: ? - help, Shift-Dir - straight line, f/p - gnoll
Aim: a gnoll, wielding a halberd (black smoke, heavily wounded, inner flame)
The flame tongue misses the gnoll.
The gnoll hits you from afar with a halberd.
You die...

###.###.####..##....#+#####..#...
.........#.....#....#........#...
.........#.....#....#....##..#...
.........#.....#....#....##..#...
.........'.....#....#.<......#...
.....)...#.... #....#........#...
##.###.###.)# #....#######..#...
##+###.###..######........#..'...
....#..))......§@#.....>..+..#...
....#........§.§§#........#####'#
##'#######..##§g§#............#..
.....#.#######§§§#............#..
.....#...#...#§§§#....####....#..
.....#...'...#§§§#....+..#....#..
.....#####..######....#..#....#..
#'#....###..#.........#..#....#..
..#....#....#.....#####..+....###


You could see a gnoll (inner flame).

Vanquished Creatures
  A gnoll shaman (D:4)
  A worker ant (D:4)
  4 gnolls (D:4)
  5 adders
  An adder skeleton (D:4)
  A worm (D:3)
  A dart slug (D:3)
  3 leopard geckos
  2 orcs
  8 bats
  5 giant cockroaches
  9 goblins
  2 hobgoblins (D:2)
  7 jackals
  3 quokkas
  7 frilled lizards
  9 kobolds
  6 rats
75 creatures vanquished.

Notes
Turn   | Place    | Note
-------+----------+-------------------------------------------
     0 | D:1      | Kingduke777 the Deep Elf Fire Elementalist began the quest for the Orb.
     0 | D:1      | Reached XP level 1. HP: 10/10 MP: 6/6
   447 | D:1      | Reached XP level 2. HP: 15/15 MP: 5/8
  1190 | D:2      | Reached XP level 3. HP: 19/19 MP: 5/9
  1214 | D:2      | Learned a level 3 spell: Conjure Flame
  1754 | D:2      | Found a blossoming altar of Fedhas.
  1904 | D:2      | Reached XP level 4. HP: 24/24 MP: 3/10
  1911 | D:2      | Learned a level 4 spell: Sticky Flame
  3235 | D:4      | Noticed an ogre
  3333 | D:4      | Found a staircase to the Ecumenical Temple.
  3341 | Temple   | Entered the Ecumenical Temple
  3502 | Temple   | Became a worshipper of Sif Muna the Loreminder
  3574 | D:4      | Reached XP level 5. HP: 28/28 MP: 4/11
  4009 | D:4      | HP: 1/28 [gnoll/halberd (3)]
  4013 | D:4      | Slain by a gnoll

Vault maps used:
D:1:      lordsloth_arrival_two_stooges
D:2:      first_bread, fedhas_altar_fruit_tree
Temple:   eino_narrow_crystal_temple

Skill      XL: |  1  2  3  4 |
---------------+-------------+-----
Conjurations   | 2 3 4 |  4.7
Fire Magic     | 4 |  4.9
Dodging        | |  2.4
Stealth        | |  2.4
Spellcasting   | |  3.5

Action                   |  1- 3 |  4- 6 || total
-------------------------+-------+-------++-------
 Cast: Flame Tongue      |    78 |    57 ||   135
       Conjure Flame     |     1 |     1 ||     2
       Sticky Flame      |       |     3 ||     3
  Use: Scroll            |       |    10 ||    10
       Potion            |       |     1 ||     1
  Eat: Chunk             |     3 |     4 ||     7
       Bread ration      |       |     1 ||     1
Armor: Robe              |     5 |     1 ||     6
Dodge: Dodged            |    26 |    16 ||    42
